 Dungeon Sprint DCSS version 0.17-a0-1923-gc35365e (webtiles) character file.

223047 Kidiri the Ninja (level 17, -2/77 HPs)
             Began as a Spriggan Enchanter on Sept 28, 2015.
             Was the Champion of Dithmenos.
             Killed by blast of rock fragments (30 damage)
             ... in the Dungeon (Sprint III: "The Ten Rune Challenge").
             The game lasted 01:22:39 (13999 turns).

Kidiri the Ninja (Spriggan Enchanter)              Turns: 13999, Time: 01:22:40

Health: -2/77      AC: 10    Str:  2    XL:     17   Next: 15%
Magic:  27/46      EV: 46    Int: 35    God:    Dithmenos [******]
Gold:   3640       SH:  0    Dex: 27    Spells: 14 memorised, 14 levels left

rFire  + . .     SeeInvis +     r - +8 short sword (elec)
rCold  . . .     Rnd*Rage +     F - +2 animal skin of the Moon {rElec Str-2 Int+3}
rNeg   + . .     SustAt   .     (shield restricted)
rPois  .         Gourm    .     q - +2 hat
rElec  +         Spirit   .     e - +2 cloak of the Guild-Master {MR+ rCorr}
rCorr  +         Warding  .     (gloves unavailable)
rMut   .         NoTele   +     (boots unavailable)
MR     +++++                    C - amulet "Soinuett" {rCorr MR++ Int+6}
Stlth  ++++++++++               N - ring of Untruth {*Drain rF+ rN+ Int+4 Stlth+}
                                u - +5 ring of dexterity

@: darkness, shrouded, very slightly contaminated, wreathed by umbra, invisible,
very quick, almost entirely resistant to hostile enchantments, uncannily
stealthy
A: unfitting armour, camouflage 1, see invisible, berserk 1, clever 2, herbivore
3, speed 3, robust 1, slow metabolism 2, spit poison 1
a: Spit Poison, Shadow Step, Shadow Form, Renounce Religion
}: 4/10 runes: decaying, serpentine, silver, golden


You were in the Dungeon.
You worshipped Dithmenos.
Dithmenos was exalted by your worship.
You were full.

You visited 1 branch You collected 7811 gold pieces.
You spent 4171 gold pieces at shops.

Inventory:

Hand weapons
 r - a +8 short sword of electrocution (weapon)
Missiles
 f - 14 throwing nets (quivered)
Armour
 e - the +2 cloak of the Guild-Master (worn) {MR+ rCorr}
   (You acquired it in the Dungeon)

   It affects your resistance to hostile enchantments.
   It protects you from acid and corrosion.
 q - a +2 hat (worn)
 z - a +0 gold dragon armour
 F - the +2 animal skin of the Moon (worn) {rElec Str-2 Int+3}
   (You acquired it in the Dungeon)

   It affects your strength (-2).
   It affects your intelligence (+3).
   It insulates you from electricity.
 K - a +2 robe of poison resistance
Jewellery
 u - a +5 ring of dexterity (left hand)
 w - an uncursed ring of flight
 C - the amulet "Soinuett" (around neck) {rCorr MR++ Int+6}
   (You acquired it in the Dungeon)

   [amulet of resist corrosion]

   It protects you from acid and corrosion.
   It affects your intelligence (+6).
   It affects your resistance to hostile enchantments.
 N - the ring of Untruth (right hand) {*Drain rF+ rN+ Int+4 Stlth+}
   (You took it off a deep elf high priest in the Dungeon)

   [ring of stealth]

   It affects your intelligence (+4).
   It protects you from fire.
   It protects you from negative energy.
   It causes draining when unequipped.
   It makes you more stealthy.
Magical devices
 b - a wand of digging (6)
 k - a wand of lightning (1)
 G - a wand of disintegration (3)
Scrolls
 g - 6 scrolls of amnesia
 j - a scroll of blinking
 s - 8 scrolls of identify
 y - a scroll of torment
Potions
 a - a potion of might
 c - 2 potions of haste
 d - a potion of invisibility
 h - 2 potions of magic
 i - 2 potions of berserk rage
 l - 9 potions of curing
 m - 2 potions of agility
 p - 3 potions of cure mutation
 t - 4 potions of heal wounds
Comestibles
 o - 15 royal jellies


   Skills:
 * Level 22.6 Short Blades
 * Level 7.4 Armour
 O Level 27 Dodging
 O Level 27 Stealth
 * Level 24.4 Spellcasting
 + Level 12.5 Conjurations
 + Level 18.6 Hexes
 + Level 11.6 Charms
 + Level 15.9 Translocations
 + Level 14.9 Transmutations
 + Level 13.4 Ice Magic
 + Level 10.8 Earth Magic
 - Level 2.5 Invocations
 - Level 12.6 Evocations


You had 14 spell levels left.
You knew the following spells:

 Your Spells              Type           Power        Failure   Level  Hunger
a - Corona                Hex            #######      0%          1    None
b - Ensorcelled Hibernat  Hex/Ice        ######       0%          2    None
c - Confuse               Hex            ########     0%          3    None
d - Tukima's Dance        Hex            ########     0%          3    None
e - Dazzling Spray        Conj/Hex       ########     0%          3    None
f - Passwall              Trmt/Erth      #######...   0%          3    None
g - Passage of Golubria   Tloc           N/A          0%          4    None
h - Lee's Rapid Deconstr  Erth           #######...   1%          5    None
i - Darkness              Hex            ########..   1%          6    None
j - Invisibility          Hex            ########     1%          6    None
k - Gell's Gravitas       Hex/Tloc       ########..   0%          3    None
l - Discord               Hex            ########..   1%          8    None
m - Apportation           Tloc           ########..   0%          1    None
n - Shroud of Golubria    Chrm/Tloc      #######...   0%          2    None


Dungeon Overview and Level Annotations

Branches:
Dungeon (1/1)

Altars:
Cheibriados
Dithmenos
Elyvilon
Fedhas
Gozag
Kikubaaqudgha
Makhleb
Nemelex Xobeh
Okawaru
Qazlal
Ru
Sif Muna
Trog
Vehumet
Xom
Yredelemnul
Zin
The Shining One
Beogh
Jiyva
Lugonu

Shops:
D (:?%(!=!?=[*!?}%(:[


Innate Abilities, Weirdness & Mutations

You are tiny and cannot use many weapons and most armour.
You have supernaturally acute eyesight.
You are a herbivore.
You cover ground extremely quickly.
You need consume almost no food.
Your skin changes colour to match your surroundings (Stealth).
You tend to lose your temper in combat.
Your mind is very acute. (Int +4)
You are robust (+10% HP).
You can spit weak poison.


Message History

The splash of acid misses you.
The death ooze jiggles.
Unknown command.
The acid blob spits acid at you. The splash of acid hits you! You resist.
The acid burns!
You resist. The wall burns you! You resist. The walls burn you! You resist.
The acid blob spits acid at you. The splash of acid hits you! You resist.
The acid burns!
You resist. The walls burn you! You resist.
Casting: Shroud of Golubria
Confirm with . or Enter, or press ? or * to list all spells.
Aiming: Lee's Rapid Deconstruction
Press: ? - help, Dir - move target cursor That beam is likely to hit you.
Continue anyway?
The wall shatters!
The blast of rock fragments hits the azure jelly.
The azure jelly is lightly wounded.
The blast of rock fragments hits you!
You die...

#(.# #..#####....#___#
▓▓▓▓▓▓▓▓▓▓▓▓▓▓▓▓▓▓▓▓▓▓
▓....≈§§.§≈≈≈≈♣♣.....♣
▓...#≈§§§≈§≈≈≈♣♣.≈≈≈≈+
▓...#≈.§§§≈≈≈≈≈+.....#
▓...#≈≈.§§§≈≈≈♣♣♣♣♣♣♣#
▓..)#≈≈.≈≈≈≈§≈♣ #
▓##.####+#######♣ ♣♣
▓....@......[...♣♣ ♣.
▓#J.############+♣ ♣♣
▓...#≈...........♣ ♣
▓....≈≈...########♣♣ ♣
▓...#≈≈≈...........♣ ♣
▓.J.#≈≈≈≈..........♣ ♣
#.#############+######
##.###### #.......
##.#...### #.......


You could see an azure jelly.

Vanquished Creatures
  the royal jelly (D)
  2 greater mummies (D)
  the Lernaean hydra (D)
  Norris (D)
  Sigmund (D)
  A golden dragon (D)
  3 bone dragons (D)
  A lich (D)
  Rupert (D)
  An acid blob (D)
  A deep elf master archer (D)
  2 sphinxes (D)
  Gastronok (D)
  A quicksilver dragon (D)
  Chuck (D)
  A greater naga (D)
  2 shadow dragons (D)
  7 azure jellies (D)
  2 frost giants (D)
  Maud (D)
  A stone giant (D)
  4 deep elf demonologists (D)
  2 vampire knights (D)
  Azrael (D)
  2 dire elephants (D)
  14 mummy priests (D)
  3 yaktaur captains (D)
  A deep elf death mage (D)
  13 vault guards (D)
  A fire dragon (D)
  A deep elf high priest (D)
  Erolcha (D)
  3 hydras (D)
  5 anacondas (D)
  An anaconda (shapeshifter) (D)
  4 dancing weapons (D)
  2 centaur warriors (D)
  An ogre mage (D)
  4 death yaks (D)
  3 orc high priests (D)
  A deep elf knight (D)
  6 skeletal warriors (D)
  A spriggan druid (D)
  A death drake (D)
  A deep elf summoner (D)
  3 swamp dragons (D)
  A lindwurm (D)
  2 obsidian statues (D)
  A deep troll (shapeshifter) (D)
  2 orc sorcerers (D)
  2 deep elf conjurers (D)
  A manticore (shapeshifter) (D)
  A cyclops (shapeshifter) (D)
  2 shining eyes (D)
  4 crystal guardians (D)
  6 ugly things (D)
  A guardian serpent (D)
  2 elephants (D)
  8 black mambas (D)
  Edmund (D)
  2 spiny frogs (D)
  2 yaktaurs (D)
  A komodo dragon (D)
  19 guardian mummies (D)
  A fire drake (D)
  3 wandering mushrooms (D)
  2 deep elf priests (D)
  A queen bee (D)
  4 spriggan defenders (D)
  8 blink frogs (D)
  5 slime creatures (D)
  2 trapdoor spiders (D)
  A shadow (D)
  4 redbacks (D)
  2 spriggans (D)
  2 hill giants (D)
  A spatial vortex (D)
  A hydra simulacrum (D)
  3 orc warriors (D)
  3 swamp drakes (D)
  A necrophage (D)
  3 two-headed ogres (D)
  2 brain worms (D)
  A water elemental (D)
  An electric eel (D)
  32 killer bees (D)
  A wizard (D)
  An orc wizard (D)
  3 orc priests (D)
  A jelly (D)
  3 polar bear simulacra (D)
  A necromancer (D)
  3 humans (D)
  A kobold demonologist (D)
  2 adders (D)
  3 giant eyeballs (D)
  2 oozes (D)
  2 adder zombies (D)
  A phantom (D)
  10 orcs (D)
  2 bat zombies (D)
  2 rats (D)
  7 bushes (D)
  4 butterflies (D)
  19 plants (D)
321 creatures vanquished.

Vanquished Creatures (collateral kills)
  A golden dragon (D)
  A shadow dragon (D)
  A fire giant (D)
  2 vampire knights (D)
  A vault guard (D)
  A naga warrior (D)
  2 nagas (D)
  3 butterflies (D)
12 creatures vanquished.

Vanquished Creatures (others)
  2 draconian scorchers (D)
  2 vault guards (D)
  3 yaktaurs (D)
  A bush (D)
  2 plants (D)
10 creatures vanquished.

Grand Total: 343 creatures vanquished

Notes
Turn   | Place    | Note
--------------------------------------------------------------
     0 | D        | Kidiri the Spriggan Enchanter began the quest for the Orb.
     0 | D        | Reached XP level 1. HP: 9/9 MP: 5/5
     9 | D        | Reached skill level 5 in Stealth
    11 | D        | Reached XP level 2. HP: 13/13 MP: 7/7
    17 | D        | Learned a level 2 spell: Ensorcelled Hibernation
   201 | D        | Killed a white draconian scorcher
   264 | D        | Reached skill level 5 in Dodging
   264 | D        | Reached skill level 6 in Stealth
   264 | D        | Reached XP level 3. HP: 6/16 MP: 0/9
   273 | D        | Killed a white draconian scorcher
   396 | D        | Killed a yaktaur
   469 | D        | Learned a level 3 spell: Confuse
   473 | D        | Learned a level 3 spell: Tukima's Dance
   477 | D        | Gained mutation: You can spit weak poison. [potion of mutation]
   477 | D        | Gained mutation: Your mind is acute. (Int +2) [potion of mutation]
   477 | D        | Gained mutation: Your skin changes colour to match your surroundings (Stealth). [potion of mutation]
   478 | D        | Gained mutation: Your mind is very acute. (Int +4) [potion of mutation]
   478 | D        | Gained mutation: You tend to lose your temper in combat. [potion of mutation]
   478 | D        | Gained mutation: You are robust (+10% HP). [potion of mutation]
   501 | D        | Noticed a water elemental
   503 | D        | Killed a water elemental
   503 | D        | Reached skill level 7 in Stealth
   503 | D        | Reached skill level 5 in Spellcasting
   503 | D        | Reached skill level 1 in Ice Magic
   503 | D        | Reached XP level 4. HP: 23/23 MP: 10/12
   527 | D        | Learned a level 3 spell: Dazzling Spray
   527 | D        | Noticed a jelly
   528 | D        | Noticed a shadow
   530 | D        | Killed a shadow
   530 | D        | Reached skill level 5 in Short Blades
   530 | D        | Reached skill level 8 in Dodging
   530 | D        | Reached skill level 9 in Stealth
   530 | D        | Reached skill level 1 in Conjurations
   530 | D        | Reached skill level 5 in Hexes
   530 | D        | Reached XP level 5. HP: 26/26 MP: 13/15
   534 | D        | Killed a jelly
   534 | D        | Reached XP level 6. HP: 30/30 MP: 13/16
   539 | D        | Found a stormy altar of Qazlal.
   540 | D        | Found a sacrificial altar of Ru.
   540 | D        | Found a burning altar of Makhleb.
   540 | D        | Found a viscous altar of Jiyva.
   540 | D        | Found a shimmering altar of Xom.
   540 | D        | Found a shadowy altar of Dithmenos.
   540 | D        | Found a sparkling altar of Nemelex Xobeh.
   540 | D        | Found a corrupted altar of Lugonu.
   540 | D        | Found an opulent altar of Gozag.
   540 | D        | Noticed a spatial vortex
   544 | D        | Became a worshipper of Dithmenos the Shadowed
   558 | D        | Killed a spatial vortex
   558 | D        | Reached skill level 10 in Stealth
   558 | D        | Reached skill level 1 in Invocations
   728 | D        | Found a radiant altar of Vehumet.
   729 | D        | Found a deep blue altar of Sif Muna.
   729 | D        | Found an ancient bone altar of Kikubaaqudgha.
   729 | D        | Noticed a wizard
   730 | D        | Killed a wizard
   767 | D        | Found a glowing silver altar of Zin.
   768 | D        | Found a glowing golden altar of the Shining One.
   768 | D        | Found a white marble altar of Elyvilon.
   768 | D        | Noticed a deep elf priest
   770 | D        | Killed a deep elf priest
   770 | D        | Reached skill level 10 in Dodging
   770 | D        | Reached skill level 11 in Stealth
   770 | D        | Reached XP level 7. HP: 35/35 MP: 18/20
   782 | D        | Found an iron altar of Okawaru.
   783 | D        | Found a bloodstained altar of Trog.
   783 | D        | Noticed a human
   783 | D        | Noticed a human
   785 | D        | Killed a human
   786 | D        | Killed a human
   802 | D        | Found a snail-covered altar of Cheibriados.
   802 | D        | Noticed a necrophage
   803 | D        | Found a basalt altar of Yredelemnul.
   803 | D        | Found a blossoming altar of Fedhas.
   803 | D        | Noticed a necromancer
   804 | D        | Killed a necrophage
   804 | D        | Acquired Dithmenos's first power
   804 | D        | Reached skill level 12 in Stealth
   804 | D        | Reached XP level 8. HP: 39/39 MP: 22/22
   805 | D        | Killed a necromancer
   823 | D        | Noticed a two-headed ogre
   823 | D        | Noticed a two-headed ogre
   827 | D        | Killed a two-headed ogre
   829 | D        | Killed a two-headed ogre
   832 | D        | Noticed a two-headed ogre
   833 | D        | Killed a two-headed ogre
   833 | D        | Acquired Dithmenos's second power
   839 | D        | Noticed a hill giant
   842 | D        | Killed a hill giant
   848 | D        | Noticed a hill giant
   848 | D        | Noticed Erolcha
   850 | D        | Killed Erolcha
   850 | D        | Reached skill level 13 in Stealth
   850 | D        | Reached skill level 10 in Spellcasting
   850 | D        | Reached XP level 9. HP: 42/42 MP: 22/24
   851 | D        | Killed a hill giant
   851 | D        | Reached skill level 5 in Ice Magic
   864 | D        | Noticed a redback
   865 | D        | Noticed a trapdoor spider
   871 | D        | Killed a trapdoor spider
   871 | D        | Acquired Dithmenos's third power
   871 | D        | Reached skill level 10 in Short Blades
   871 | D        | Reached skill level 14 in Stealth
   872 | D        | Killed a redback
   973 | D        | Noticed a trapdoor spider
   977 | D        | Killed a trapdoor spider
  1040 | D        | Noticed a queen bee
  1040 | D        | Noticed a killer bee
  1040 | D        | Noticed a killer bee
  1040 | D        | Noticed a killer bee
  1040 | D        | Noticed a killer bee
  1040 | D        | Noticed a killer bee
  1040 | D        | Noticed a killer bee
  1040 | D        | Noticed a killer bee
  1040 | D        | Noticed a killer bee
  1040 | D        | Noticed a killer bee
  1040 | D        | Noticed a killer bee
  1040 | D        | Noticed a killer bee
  1040 | D        | Noticed a killer bee
  1040 | D        | Noticed a killer bee
  1040 | D        | Noticed a killer bee
  1041 | D        | Noticed a killer bee
  1041 | D        | Noticed a killer bee
  1041 | D        | Noticed a killer bee
  1041 | D        | Noticed a killer bee
  1041 | D        | Noticed a killer bee
  1041 | D        | Noticed a killer bee
  1041 | D        | Noticed a killer bee
  1041 | D        | Noticed a killer bee
  1041 | D        | Noticed a killer bee
  1041 | D        | Noticed a killer bee
  1041 | D        | Noticed a killer bee
  1041 | D        | Noticed a killer bee
  1041 | D        | Noticed a killer bee
  1041 | D        | Noticed a killer bee
  1041 | D        | Noticed a killer bee
  1041 | D        | Noticed a killer bee
  1041 | D        | Noticed a killer bee
  1041 | D        | Noticed a killer bee
  1042 | D        | Killed a queen bee
  1044 | D        | Killed a killer bee
  1047 | D        | Killed a killer bee
  1047 | D        | Acquired Dithmenos's fourth power
  1048 | D        | Killed a killer bee
  1048 | D        | Killed a killer bee
  1049 | D        | Killed a killer bee
  1049 | D        | Killed a killer bee
  1051 | D        | Killed a killer bee
  1055 | D        | Killed a killer bee
  1087 | D        | Killed a killer bee
  1100 | D        | Killed a killer bee
  1107 | D        | Killed a killer bee
  1108 | D        | Killed a killer bee
  1111 | D        | Killed a killer bee
  1117 | D        | Killed a killer bee
  1126 | D        | Killed a killer bee
  1126 | D        | Reached skill level 15 in Stealth
  1132 | D        | Killed a killer bee
  1149 | D        | Killed a yaktaur
  1257 | D        | Killed a killer bee
  1260 | D        | Killed a killer bee
  1262 | D        | Killed a killer bee
  1264 | D        | Killed a killer bee
  1266 | D        | Killed a killer bee
  1272 | D        | Killed a killer bee
  1274 | D        | Killed a killer bee
  1274 | D        | Reached XP level 10. HP: 48/48 MP: 11/27
  1276 | D        | Killed a killer bee
  1278 | D        | Killed a killer bee
  1280 | D        | Killed a killer bee
  1280 | D        | Reached skill level 5 in Conjurations
  1282 | D        | Killed a killer bee
  1285 | D        | Killed a killer bee
  1314 | D        | Killed a killer bee
  1441 | D        | Killed a killer bee
  1444 | D        | Killed a killer bee
  1456 | D        | Killed a killer bee
  1564 | D        | Noticed a wandering mushroom
  1565 | D        | Noticed a wandering mushroom
  1565 | D        | Noticed a wandering mushroom
  1566 | D        | Killed a wandering mushroom
  1568 | D        | Killed a wandering mushroom
  1569 | D        | Killed a wandering mushroom
  1607 | D        | Noticed a spiny frog
  1607 | D        | Noticed a komodo dragon
  1607 | D        | Noticed a spiny frog
  1610 | D        | Killed a spiny frog
  1610 | D        | Reached skill level 16 in Stealth
  1613 | D        | Killed a spiny frog
  1613 | D        | Reached skill level 15 in Dodging
  1613 | D        | Reached skill level 10 in Hexes
  1618 | D        | Killed a komodo dragon
  1624 | D        | Noticed a redback
  1626 | D        | Killed a redback
  1627 | D        | Noticed a brain worm
  1631 | D        | Killed a brain worm
  1662 | D        | Noticed a brain worm
  1664 | D        | Killed a brain worm
  1667 | D        | Noticed a lindwurm
  1669 | D        | Noticed a redback
  1670 | D        | Killed a lindwurm
  1672 | D        | Killed a redback
  1677 | D        | Noticed a redback
  1678 | D        | Killed a redback
  1679 | D        | Noticed Maud
  1681 | D        | Killed Maud
  1681 | D        | Reached skill level 17 in Stealth
  1681 | D        | Reached XP level 11. HP: 51/51 MP: 29/29
  1735 | D        | Noticed an electric eel
  1736 | D        | Noticed a six-headed hydra
  1736 | D        | Noticed a six-headed hydra
  1737 | D        | Killed an electric eel
  1739 | D        | Killed a six-headed hydra
  1740 | D        | Killed a six-headed hydra
  1751 | D        | Noticed a death drake
  1754 | D        | Killed a death drake
  1764 | D        | Found a blossoming altar of Fedhas.
  1764 | D        | Noticed a spriggan
  1764 | D        | Noticed a spriggan druid
  1764 | D        | Noticed a spriggan
  1766 | D        | Killed a spriggan druid
  1766 | D        | Reached skill level 18 in Stealth
  1767 | D        | Killed a spriggan
  1768 | D        | Killed a spriggan
  1793 | D        | Noticed a swamp drake
  1793 | D        | Noticed a swamp dragon
  1793 | D        | Noticed a swamp dragon
  1793 | D        | Killed a yaktaur
  1795 | D        | Killed a swamp drake
  1798 | D        | Noticed a swamp drake
  1799 | D        | Found Jotail's Antique Weapon Emporium.
  1800 | D        | Killed a swamp drake
  1801 | D        | Found Quxkoat's Distillery.
  1802 | D        | Found Derrioc's Jewellery Shoppe.
  1802 | D        | Noticed a swamp dragon
  1804 | D        | Killed a swamp dragon
  1805 | D        | Killed a swamp dragon
  1818 | D        | Killed a swamp dragon
  2224 | D        | Noticed a five-headed hydra
  2224 | D        | Noticed the 27-headed Lernaean hydra
  2283 | D        | Noticed a swamp drake
  2283 | D        | Noticed a fire drake
  2284 | D        | Killed a fire drake
  2286 | D        | Killed a swamp drake
  2293 | D        | Noticed a blink frog
  2293 | D        | Noticed a blink frog
  2293 | D        | Noticed a blink frog
  2294 | D        | Noticed a blink frog
  2295 | D        | Noticed a blink frog
  2297 | D        | Killed a blink frog
  2313 | D        | Killed a blink frog
  2319 | D        | Killed a blink frog
  2319 | D        | Reached skill level 15 in Spellcasting
  2325 | D        | Killed a blink frog
  2333 | D        | Killed a blink frog
  2386 | D        | Noticed Rupert
  2390 | D        | Killed Rupert
  2390 | D        | Reached skill level 19 in Stealth
  2390 | D        | Reached XP level 12. HP: 56/56 MP: 32/32
  2397 | D        | Noticed a death yak
  2398 | D        | Noticed a death yak
  2398 | D        | Noticed a blink frog
  2400 | D        | Noticed an azure jelly
  2400 | D        | Noticed an azure jelly
  2400 | D        | Noticed a death yak
  2400 | D        | Noticed a blink frog
  2400 | D        | Noticed an azure jelly
  2400 | D        | Noticed an azure jelly
  2400 | D        | Noticed a blink frog
  2400 | D        | Noticed a death yak
  2416 | D        | Killed a death yak
  2418 | D        | Killed a death yak
  2438 | D        | Killed a death yak
  2455 | D        | Killed a blink frog
  2469 | D        | Killed a blink frog
  2519 | D        | Killed a death yak
  2614 | D        | Noticed a black mamba
  2614 | D        | Noticed a black mamba
  2617 | D        | Killed a black mamba
  2617 | D        | Reached skill level 20 in Stealth
  2619 | D        | Killed a black mamba
  2627 | D        | Killed a blink frog
  2895 | D        | Noticed a black mamba
  2895 | D        | Noticed an anaconda
  2897 | D        | Killed a black mamba
  2901 | D        | Killed an anaconda
  2909 | D        | Noticed a black mamba
  2909 | D        | Noticed an anaconda
  2910 | D        | Killed an anaconda
  2911 | D        | Noticed a black mamba
  2915 | D        | Killed a black mamba
  2920 | D        | Killed a black mamba
  2922 | D        | Noticed an anaconda
  2922 | D        | Noticed a black mamba
  2922 | D        | Noticed a black mamba
  2922 | D        | Noticed an anaconda
  2923 | D        | Killed an anaconda
  2923 | D        | Reached skill level 15 in Short Blades
  2925 | D        | Killed a black mamba
  2926 | D        | Noticed an anaconda
  2926 | D        | Noticed a black mamba
  2927 | D        | Killed an anaconda
  2928 | D        | Killed a black mamba
  2931 | D        | Killed an anaconda
  2932 | D        | Killed a black mamba
  2952 | D        | Noticed a naga
  2952 | D        | Noticed a naga
  2953 | D        | Noticed a naga warrior
  2953 | D        | Noticed a greater naga
  2962 | D        | Killed a naga
  2972 | D        | Killed a naga warrior
  2972 | D        | Reached skill level 21 in Stealth
  2988 | D        | Killed a naga
  2991 | D        | Killed a greater naga
  2997 | D        | Found Akhlum's Antique Weapon Boutique.
  2997 | D        | Found Jixit's Book Emporium.
  3000 | D        | Found Peclam's Magic Scroll Shop.
  3013 | D        | Noticed a guardian serpent
  3015 | D        | Killed a guardian serpent
  3015 | D        | Reached XP level 13. HP: 60/60 MP: 9/35
  3016 | D        | Got a serpentine rune of Zot
  3155 | D        | Noticed an elephant
  3155 | D        | Noticed an elephant
  3155 | D        | Noticed a dire elephant
  3155 | D        | Noticed a dire elephant
  3155 | D        | Noticed Gastronok
  3157 | D        | Killed Gastronok
  3158 | D        | Killed a dire elephant
  3173 | D        | Killed an elephant
  3174 | D        | Killed an elephant
  3207 | D        | Killed a dire elephant
  3709 | D        | Noticed an orc warrior
  3710 | D        | Noticed an orc priest
  3711 | D        | Noticed an orc warrior
  3711 | D        | Noticed an orc sorcerer
  3711 | D        | Noticed an orc wizard
  3711 | D        | Noticed an orc sorcerer
  3711 | D        | Noticed an orc warrior
  3711 | D        | Noticed an orc high priest
  3712 | D        | Found Bexask's Food Boutique.
  3713 | D        | Found a roughly hewn altar of Beogh.
  3714 | D        | Killed an orc high priest
  3717 | D        | Killed an orc priest
  3719 | D        | Killed an orc warrior
  3720 | D        | Killed an orc wizard
  3725 | D        | Killed an orc warrior
  3726 | D        | Killed an orc warrior
  3731 | D        | Killed an orc sorcerer
  3751 | D        | Killed an orc sorcerer
  3751 | D        | Reached skill level 22 in Stealth
  4017 | D        | Killed an azure jelly
  4047 | D        | Killed an azure jelly
  4086 | D        | Killed an azure jelly
  4166 | D        | Killed an azure jelly
  4216 | D        | Bought a book of Burglary for 750 gold pieces
  4220 | D        | Learned a level 3 spell: Passwall
  4225 | D        | Learned a level 4 spell: Passage of Golubria
  4231 | D        | Learned a level 5 spell: Lee's Rapid Deconstruction
  4238 | D        | Learned a level 6 spell: Darkness
  4245 | D        | Learned a level 6 spell: Invisibility
  4280 | D        | Bought a scroll of identify for 22 gold pieces
  4280 | D        | Bought a scroll of identify for 22 gold pieces
  4280 | D        | Bought a scroll of identify for 22 gold pieces
  4280 | D        | Bought a scroll of identify for 22 gold pieces
  4280 | D        | Bought a scroll of enchant armour for 82 gold pieces
  4282 | D        | Bought a scroll of enchant weapon for 82 gold pieces
  4282 | D        | Bought a scroll of magic mapping for 38 gold pieces
  4491 | D        | Bought a potion of heal wounds for 50 gold pieces
  4491 | D        | Bought a potion of curing for 30 gold pieces
  4491 | D        | Bought a potion of heal wounds for 50 gold pieces
  4491 | D        | Bought a potion of heal wounds for 50 gold pieces
  4491 | D        | Bought a potion of magic for 80 gold pieces
  4491 | D        | Bought a potion of curing for 30 gold pieces
  4491 | D        | Bought a potion of curing for 30 gold pieces
  4491 | D        | Bought a potion of heal wounds for 50 gold pieces
  4492 | D        | Bought a +5 ring of dexterity for 535 gold pieces
  4492 | D        | Bought an uncursed amulet of regeneration for 390 gold pieces
  4492 | D        | Bought an uncursed ring of flight for 227 gold pieces
  4802 | D        | Noticed a deep elf conjurer
  4802 | D        | Noticed a deep elf summoner
  4802 | D        | Noticed a deep elf priest
  4802 | D        | Noticed a deep elf conjurer
  4802 | D        | Noticed a deep elf knight
  4813 | D        | Killed a deep elf conjurer
  4828 | D        | Killed a deep elf knight
  4828 | D        | Reached skill level 1 in Translocations
  4828 | D        | Reached skill level 1 in Transmutations
  4828 | D        | Reached skill level 1 in Evocations
  4868 | D        | Killed a deep elf priest
  4871 | D        | Killed a deep elf conjurer
  4943 | D        | Killed a deep elf summoner
  4943 | D        | Reached skill level 1 in Earth Magic
  4962 | D        | Noticed a deep elf demonologist
  4981 | D        | Noticed a deep elf demonologist
  4982 | D        | Noticed a deep elf demonologist
  4983 | D        | Noticed a deep elf death mage
  4985 | D        | Noticed a deep elf master archer
  5077 | D        | Noticed a deep elf high priest
  5081 | D        | Noticed a deep elf demonologist
  5082 | D        | Killed a deep elf demonologist
  5245 | D        | Killed a deep elf death mage
  5245 | D        | Reached skill level 10 in Ice Magic
  5249 | D        | Noticed a Shadow Fiend
  5250 | D        | Killed a deep elf demonologist
  5365 | D        | Killed a deep elf demonologist
  5365 | D        | Reached skill level 23 in Stealth
  5398 | D        | Killed a deep elf high priest
  5518 | D        | Killed a deep elf master archer
  5518 | D        | Reached XP level 14. HP: 27/64 MP: 13/37
  5646 | D        | Killed a deep elf demonologist
  5663 | D        | Identified the Disquisition on the Birds
  5663 | D        | Identified the Catalogue of Malediction
  5679 | D        | Got a warped bone ring
  5679 | D        | Got a warped ivory ring
  5719 | D        | Identified the ring of Zuanify {Ice rElec MP+9} (You took it off a deep elf demonologist in the Dungeon)
  5721 | D        | Identified the ring of Untruth {*Drain rF+ rN+ Int+4 Stlth+} (You took it off a deep elf high priest in the Dungeon)
  5808 | D        | Learned a level 3 spell: Gell's Gravitas
  5817 | D        | Learned a level 8 spell: Discord
  5865 | D        | Noticed Sigmund
  5865 | D        | Noticed Edmund
  5883 | D        | Killed Sigmund
  5883 | D        | Reached skill level 5 in Translocations
  5898 | D        | Killed Edmund
  5898 | D        | Reached skill level 5 in Evocations
  5993 | D        | Noticed an orc high priest
  5993 | D        | Noticed an orc high priest
  5994 | D        | Noticed an orc priest
  5994 | D        | Noticed an orc priest
  5995 | D        | Killed an orc high priest
  5996 | D        | Killed an orc high priest
  5998 | D        | Killed an orc priest
  5999 | D        | Killed an orc priest
  6101 | D        | Noticed a spriggan defender
  6102 | D        | Noticed a spriggan defender
  6102 | D        | Noticed a spriggan defender
  6102 | D        | Noticed a spriggan defender
  6103 | D        | Killed a spriggan defender
  6103 | D        | Reached skill level 5 in Transmutations
  6104 | D        | Killed a spriggan defender
  6106 | D        | Killed a spriggan defender
  6107 | D        | Killed a spriggan defender
  6211 | D        | Noticed a centaur warrior
  6211 | D        | Noticed a slime creature
  6213 | D        | Killed a slime creature
  6215 | D        | Killed a centaur warrior
  6225 | D        | Noticed a brown ugly thing
  6226 | D        | Noticed a fire dragon
  6227 | D        | Killed a brown ugly thing
  6230 | D        | Killed a fire dragon
  6239 | D        | Noticed a centaur warrior
  6239 | D        | Noticed a red ugly thing
  6241 | D        | Killed a red ugly thing
  6244 | D        | Killed a centaur warrior
  6258 | D        | Noticed a cyclops
  6260 | D        | Killed a cyclops
  6275 | D        | Noticed a mace of draining
  6275 | D        | Noticed a scimitar of holy wrath
  6275 | D        | Noticed a short sword of venom
  6276 | D        | Noticed an antimagic long sword
  6277 | D        | Killed a scimitar of holy wrath
  6277 | D        | Reached skill level 24 in Stealth
  6279 | D        | Killed a mace of draining
  6281 | D        | Killed an antimagic long sword
  6284 | D        | Killed a short sword of venom
  6316 | D        | Noticed a cyan ugly thing
  6316 | D        | Noticed a water nymph
  6316 | D        | Noticed a boulder beetle
  6317 | D        | Noticed a yaktaur captain
  6319 | D        | Killed a cyan ugly thing
  6325 | D        | a water nymph changed into a hill giant
  6325 | D        | a boulder beetle changed into a faun
  6336 | D        | Noticed a slime creature
  6406 | D        | Killed a slime creature
  6406 | D        | Reached skill level 15 in Hexes
  6411 | D        | Killed a yaktaur captain
  6628 | D        | Noticed a slime creature
  6630 | D        | Noticed Chuck
  6631 | D        | Killed a slime creature
  6644 | D        | Killed Chuck
  6665 | D        | Got a transparent whip
  6678 | D        | Identified the +8 whip of Laga {freeze, *Confuse Dex+7 SInv} (You found it in the Dungeon)
  6821 | D        | Noticed a manticore
  6824 | D        | Killed a manticore
  6827 | D        | Noticed Norris
  6830 | D        | Killed Norris
  6830 | D        | Reached skill level 10 in Conjurations
  6830 | D        | Reached skill level 5 in Earth Magic
  6892 | D        | Noticed a lich
  6895 | D        | Killed a lich
  6900 | D        | Noticed a white ugly thing
  6901 | D        | Noticed a purple ugly thing
  6903 | D        | Killed a white ugly thing
  6905 | D        | Noticed a shadow dragon
  6905 | D        | Noticed an ogre mage
  6905 | D        | Noticed a shadow dragon
  6908 | D        | Noticed a green ugly thing
  6908 | D        | Killed a purple ugly thing
  6910 | D        | Killed a shadow dragon
  6910 | D        | Reached skill level 25 in Stealth
  6911 | D        | Killed an ogre mage
  6913 | D        | Killed a shadow dragon
  6919 | D        | Killed a green ugly thing
  6919 | D        | Reached XP level 15. HP: 69/69 MP: 36/40
  6936 | D        | Noticed an obsidian statue
  6957 | D        | Killed an obsidian statue
  7040 | D        | Noticed a skeletal warrior
  7042 | D        | Killed a skeletal warrior
  7046 | D        | Noticed a bone dragon
  7048 | D        | Killed a bone dragon
  7052 | D        | Noticed a skeletal warrior
  7054 | D        | Killed a skeletal warrior
  7059 | D        | Noticed a guardian mummy
  7065 | D        | Killed a guardian mummy
  7103 | D        | Noticed a bone dragon
  7105 | D        | Killed a bone dragon
  7110 | D        | Noticed a bone dragon
  7220 | D        | Killed a bone dragon
  7220 | D        | Reached skill level 10 in Translocations
  7299 | D        | Noticed a skeletal warrior
  7301 | D        | Killed a skeletal warrior
  7307 | D        | Noticed a vampire knight
  7311 | D        | Killed a vampire knight
  7345 | D        | Noticed a guardian mummy
  7347 | D        | Killed a guardian mummy
  7352 | D        | Noticed a guardian mummy
  7354 | D        | Killed a guardian mummy
  7432 | D        | Noticed a vampire knight
  7440 | D        | Killed a vampire knight
  7507 | D        | Noticed a vampire knight
  7513 | D        | Killed a vampire knight
  7554 | D        | Noticed a vampire knight
  7559 | D        | Killed a vampire knight
  7559 | D        | Reached skill level 26 in Stealth
  7580 | D        | Noticed a guardian mummy
  7580 | D        | Noticed a mummy priest
  7580 | D        | Noticed a guardian mummy
  7581 | D        | Noticed a sphinx
  7581 | D        | Noticed a sphinx
  7582 | D        | Killed a guardian mummy
  7585 | D        | Killed a mummy priest
  7614 | D        | Killed a guardian mummy
  7680 | D        | Killed a sphinx
  7680 | D        | Reached skill level 10 in Transmutations
  7680 | D        | Reached skill level 10 in Evocations
  7681 | D        | Killed a sphinx
  7699 | D        | Noticed a mummy priest
  7700 | D        | Noticed a guardian mummy
  7701 | D        | Noticed a mummy priest
  7702 | D        | Killed a mummy priest
  7914 | D        | Noticed a mummy priest
  7914 | D        | Noticed a mummy priest
  7915 | D        | Killed a mummy priest
  7919 | D        | Killed a guardian mummy
  8115 | D        | Killed a mummy priest
  8166 | D        | Noticed a guardian mummy
  8167 | D        | Killed a mummy priest
  8372 | D        | Noticed a mummy priest
  8372 | D        | Noticed a guardian mummy
  8372 | D        | Noticed a mummy priest
  8372 | D        | Noticed a guardian mummy
  8373 | D        | Killed a mummy priest
  8374 | D        | Killed a guardian mummy
  8376 | D        | Killed a mummy priest
  8377 | D        | Killed a guardian mummy
  8381 | D        | Noticed a guardian mummy
  8382 | D        | Killed a guardian mummy
  8428 | D        | Killed a guardian mummy
  8597 | D        | Noticed an obsidian statue
  8619 | D        | Killed an obsidian statue
  8630 | D        | Found Fogarghodo's Distillery.
  8630 | D        | Found Koaluf's Gadget Shop.
  8630 | D        | Found Yzxusuwk's Antique Armour Shoppe.
  8630 | D        | Found Joidig's Assorted Antiques.
  8630 | D        | Found Cauzushi's Magic Scroll Emporium.
  8630 | D        | Found Tagotz's Book Shop.
  8630 | D        | Found Wadoocs's Antique Weapon Emporium.
  8630 | D        | Found Aclia's Food Boutique.
  8631 | D        | Found Jaicuec's Antique Armour Boutique.
  8631 | D        | Found Valor's Jewellery Shoppe.
  8631 | D        | Found Ygheum's Magic Scroll Shop.
  8631 | D        | Found Jagidgh's Distillery.
  8645 | D        | Bought a potion of curing for 42 gold pieces
  8645 | D        | Bought a potion of curing for 42 gold pieces
  8645 | D        | Bought a potion of haste for 140 gold pieces
  8645 | D        | Bought a potion of heal wounds for 70 gold pieces
  8645 | D        | Bought a potion of curing for 42 gold pieces
  8645 | D        | Bought a potion of curing for 42 gold pieces
  8646 | D        | Bought a scroll of blinking for 97 gold pieces
  8646 | D        | Bought a scroll of enchant weapon for 97 gold pieces
  8646 | D        | Bought a scroll of blinking for 97 gold pieces
  8646 | D        | Bought a scroll of identify for 26 gold pieces
  8646 | D        | Bought a scroll of enchant weapon for 97 gold pieces
  8651 | D        | Bought a potion of heal wounds for 50 gold pieces
  8651 | D        | Bought a potion of heal wounds for 50 gold pieces
  8651 | D        | Bought a potion of heal wounds for 50 gold pieces
  8651 | D        | Bought a potion of heal wounds for 50 gold pieces
  8653 | D        | Bought a scroll of acquirement for 520 gold pieces
  8654 | D        | Got a transparent cloak
  8660 | D        | Identified the +2 cloak of the Guild-Master {MR+ rCorr} (You acquired it in the Dungeon)
  8684 | D        | Noticed a crystal guardian
  8684 | D        | Noticed a crystal guardian
  8684 | D        | Noticed a crystal guardian
  8684 | D        | Noticed a crystal guardian
  8685 | D        | Killed a crystal guardian
  8688 | D        | Killed a crystal guardian
  8700 | D        | Killed a crystal guardian
  8702 | D        | Killed a crystal guardian
  8779 | D        | Noticed a yaktaur captain
  8779 | D        | Noticed a yaktaur
  8779 | D        | Noticed a yaktaur captain
  8781 | D        | Killed a yaktaur captain
  8786 | D        | Killed a yaktaur
  8787 | D        | Noticed a yaktaur
  8790 | D        | Killed a yaktaur captain
  8795 | D        | Killed a yaktaur
  8805 | D        | Noticed Azrael
  8807 | D        | Killed Azrael
  8875 | D        | Learned a level 1 spell: Apportation
  8878 | D        | Learned a level 2 spell: Shroud of Golubria
  8899 | D        | Noticed a polar bear simulacrum
  8899 | D        | Noticed a polar bear simulacrum
  8900 | D        | Noticed a polar bear simulacrum
  8900 | D        | Noticed a four-headed hydra simulacrum
  8901 | D        | Killed a polar bear simulacrum
  8902 | D        | Killed a four-headed hydra simulacrum
  8906 | D        | Killed a polar bear simulacrum
  8907 | D        | Killed a polar bear simulacrum
  9007 | D        | Got a pitted falchion
  9367 | D        | Noticed a skeletal warrior
  9378 | D        | Killed a skeletal warrior
  9402 | D        | Noticed a frost giant
  9402 | D        | Noticed a vault guard
  9402 | D        | Noticed a vault guard
  9403 | D        | Noticed a fire giant
  9403 | D        | Noticed a vault guard
  9403 | D        | Noticed a vault guard
  9403 | D        | Noticed a stone giant
  9403 | D        | Noticed a vault guard
  9403 | D        | Noticed a vault guard
  9403 | D        | Noticed a skeletal warrior
  9403 | D        | Noticed a golden dragon
  9403 | D        | Noticed a vault guard
  9403 | D        | Noticed a vault guard
  9403 | D        | Noticed a skeletal warrior
  9403 | D        | Noticed a shadow dragon
  9403 | D        | Noticed a vault guard
  9403 | D        | Noticed a vault guard
  9403 | D        | Noticed a golden dragon
  9403 | D        | Noticed a vault guard
  9403 | D        | Noticed a vault guard
  9403 | D        | Noticed a slime creature
  9403 | D        | Noticed a quicksilver dragon
  9403 | D        | Noticed a vault guard
  9403 | D        | Noticed a vault guard
  9403 | D        | Noticed a frost giant
  9403 | D        | Noticed a vault guard
  9403 | D        | Noticed a vault guard
  9403 | D        | Noticed a slime creature
  9410 | D        | Killed a vault guard
  9410 | D        | Reached skill level 1 in Charms
  9411 | D        | Killed a vault guard
  9411 | D        | Killed a slime creature
  9412 | D        | Killed a vault guard
  9413 | D        | Killed a vault guard
  9413 | D        | Reached skill level 27 in Stealth
  9413 | D        | Killed a vault guard
  9414 | D        | Killed a frost giant
  9612 | D        | Killed a vault guard
  9612 | D        | Reached XP level 16. HP: 67/73 MP: 29/43
  9636 | D        | Killed a vault guard
  9664 | D        | Killed a skeletal warrior
  9766 | D        | Killed a frost giant
  9817 | D        | Killed a vault guard
  9829 | D        | Killed a slime creature
  9860 | D        | Killed a vault guard
  9880 | D        | Killed a fire giant
  9883 | D        | Killed a golden dragon
  9883 | D        | Reached skill level 5 in Charms
  9883 | D        | Killed a vault guard
  9886 | D        | Killed a quicksilver dragon
  9893 | D        | Killed a vault guard
  9899 | D        | Killed a vault guard
  9900 | D        | Killed a stone giant
  9909 | D        | Killed a vault guard
  9927 | D        | Killed a vault guard
  9959 | D        | Killed a vault guard
 10024 | D        | Killed a skeletal warrior
 10056 | D        | Got a pitted animal skin
 10067 | D        | Identified the +2 animal skin of the Moon {rElec Str-2 Int+3} (You acquired it in the Dungeon)
 10218 | D        | Got an ichor-stained war axe {venom}
 10354 | D        | Killed a golden dragon
 10493 | D        | Killed a shadow dragon
 10500 | D        | Killed a vault guard
 10509 | D        | Got a silver rune of Zot
 10668 | D        | Bought a scroll of enchant armour for 97 gold pieces
 10814 | D        | Noticed a mummy priest
 10814 | D        | Noticed a mummy priest
 10815 | D        | Noticed a guardian mummy
 10815 | D        | Noticed a guardian mummy
 10815 | D        | Noticed a mummy priest
 10815 | D        | Noticed a guardian mummy
 10815 | D        | Noticed a guardian mummy
 10815 | D        | Noticed a guardian mummy
 10815 | D        | Noticed a mummy priest
 10815 | D        | Noticed a greater mummy
 10815 | D        | Noticed a guardian mummy
 10815 | D        | Noticed a guardian mummy
 10815 | D        | Noticed a mummy priest
 10815 | D        | Noticed a greater mummy
 10815 | D        | Noticed a guardian mummy
 10815 | D        | Noticed a guardian mummy
 10815 | D        | Noticed a mummy priest
 10815 | D        | Noticed a mummy priest
 10816 | D        | Killed a mummy priest
 10817 | D        | Killed a guardian mummy
 10819 | D        | Killed a mummy priest
 10819 | D        | Reached skill level 1 in Armour
 10828 | D        | Killed a guardian mummy
 11457 | D        | Killed a guardian mummy
 11500 | D        | Killed a guardian mummy
 11508 | D        | Killed a guardian mummy
 11590 | D        | Killed a guardian mummy
 11591 | D        | Killed a mummy priest
 11593 | D        | Killed a guardian mummy
 11593 | D        | Killed a mummy priest
 11595 | D        | Killed a guardian mummy
 11763 | D        | Killed a greater mummy
 11952 | D        | Killed a mummy priest
 11952 | D        | Lost strength.
 12014 | D        | Killed a mummy priest
 12638 | D        | Killed a greater mummy
 12642 | D        | Killed a mummy priest
 12804 | D        | Killed a guardian mummy
 12804 | D        | Reached skill level 27 in Dodging
 12807 | D        | Got a golden rune of Zot
 12812 | D        | Identified the Papyrus of Calling
 12840 | D        | Got a warped steel amulet
 12842 | D        | Identified the amulet "Soinuett" {rCorr MR++ Int+6} (You acquired it in the Dungeon)
 13117 | D        | Killed the 27-headed Lernaean hydra
 13117 | D        | Reached skill level 5 in Armour
 13117 | D        | Reached skill level 10 in Earth Magic
 13119 | D        | Killed a five-headed hydra
 13124 | D        | Got a decaying rune of Zot
 13335 | D        | Noticed a shining eye
 13336 | D        | Noticed an azure jelly
 13336 | D        | Noticed an acid blob
 13376 | D        | Killed an azure jelly
 13376 | D        | Reached skill level 10 in Charms
 13376 | D        | Reached skill level 15 in Translocations
 13591 | D        | Killed a shining eye
 13616 | D        | Killed an acid blob
 13726 | D        | Noticed a shining eye
 13726 | D        | Noticed an azure jelly
 13726 | D        | Noticed an azure jelly
 13728 | D        | Killed a shining eye
 13729 | D        | Found a viscous altar of Jiyva.
 13729 | D        | Noticed the royal jelly
 13734 | D        | Killed an azure jelly
 13735 | D        | Killed an azure jelly
 13974 | D        | Killed the royal jelly
 13974 | D        | Reached XP level 17. HP: 66/77 MP: 27/46
 13999 | D        | Killed by blast of rock fragments

Vault maps used:
D:        dungeon_sprint_mu

Action                   |  1- 3 |  4- 6 |  7- 9 | 10-12 | 13-15 | 16-18 || total
-------------------------+-------+-------+-------+-------+-------+-------++-------
Melee: Dagger            |    37 |    15 |    92 |   465 |   816 |       ||  1425
       Short sword       |       |       |       |       |   242 |    75 ||   317
Throw: Throwing net      |       |       |       |       |       |     4 ||     4
 Cast: Corona            |    11 |       |       |       |       |       ||    11
       Ensorcelled Hiber |     5 |     1 |    14 |    23 |    13 |     5 ||    61
       Dazzling Spray    |       |     5 |    13 |    16 |   165 |   108 ||   307
       Confuse           |       |       |       |     1 |    18 |    13 ||    32
       Tukima's Dance    |       |       |       |     8 |     4 |       ||    12
       Invisibility      |       |       |       |       |     6 |     3 ||     9
       Passage of Golubr |       |       |       |       |     4 |       ||     4
       Lee's Rapid Decon |       |       |       |       |    12 |    14 ||    26
       Passwall          |       |       |       |       |     4 |       ||     4
       Discord           |       |       |       |       |       |     6 ||     6
       Shroud of Golubri |       |       |       |       |       |     5 ||     5
       Darkness          |       |       |       |       |       |     3 ||     3
Invok: Shadow Step       |       |       |       |    11 |    14 |     4 ||    29
 Abil: Evoke Flight      |       |       |       |       |     4 |       ||     4
  Use: Potion            |     5 |       |       |       |     4 |     5 ||    14
       Scroll            |     2 |     2 |       |       |    20 |    12 ||    36
 Stab: Sleeping          |     6 |     5 |    18 |    56 |    74 |    12 ||   171
       Invisible         |       |       |     4 |     4 |    10 |     3 ||    21
       Confused          |       |       |       |       |     3 |     6 ||     9
       Distracted        |       |       |       |       |     2 |     3 ||     5
       Held in net/web   |       |       |       |       |       |     4 ||     4
  Eat: Bread ration      |       |       |       |     1 |     1 |       ||     2
       Fruit             |       |       |       |       |     8 |     2 ||    10
       Royal jelly       |       |       |       |       |       |     5 ||     5
